 Dungeon Crawl Stone Soup version 0.28-a0-197-g74814aa22a (webtiles) character file.

Game seed: 14657858034549734064

304 Arne the Gusty (level 6, 0/35 HPs)
             Began as a Tengu Air Elementalist on Aug 19, 2021.
             Killed from afar by an orc wizard (7 damage)
             ... with a puff of flame
             ... on level 4 of the Dungeon.
             The game lasted 00:36:45 (2820 turns).

Arne the Gusty (Tengu Air Elementalist)             Turns: 2820, Time: 00:36:46

Health: 0/35       AC:  3    Str:  8    XL:     6   Next: 38%
Magic:  9/11       EV: 16    Int: 16    God:
Gold:   103        SH:  0    Dex: 16    Spells: 9/10 levels left

rFire   . . .      SeeInvis .   g - +0 short sword
rCold   . . .      Faith    .   (no shield)
rNeg    + . .      Spirit   .   a - +0 robe
rPois   .          Reflect  .   (helmet restricted)
rElec   .          Harm     .   p - +0 cloak
rCorr   +          Rampage  .   (no gloves)
Will    .....                   (boots unavailable)
Stlth   ++........              (no amulet)
HPRegen 0.11/turn               b - ring of positive energy
MPRegen 0.12/turn               j - ring of resist corrosion

@: about to teleport, flying quickly and evasively, quick
A: beak, talons 3, nimble flight
a: no special abilities


You were on level 4 of the Dungeon.
You visited 1 branch of the dungeon, and saw 4 of its levels.

You collected 103 gold pieces.

Inventory:

Hand Weapons
 c - a +0 dagger
 g - a +0 short sword (weapon)
 n - a +0 hunting sling of flaming
Armour
 a - a +0 robe (worn)
 o - a +0 pair of gloves
 p - a +0 cloak (worn)
Magical Staves
 r - a staff of death
Jewellery
 b - a ring of positive energy (left hand)
 j - a ring of resist corrosion (right hand)
Wands
 l - a wand of flame (19)
Scrolls
 d - a scroll of teleportation
 e - a scroll of fog
 f - a scroll of silence {unknown}
 k - a scroll of blinking {unknown}
 m - a scroll of vulnerability {unknown}
Potions
 h - 4 potions of brilliance {unknown}
 i - 2 potions of curing {unknown}
 q - a potion of flight {unknown}
 s - a potion of haste {unknown}


   Skills:
 * Level 2.1 Fighting
 + Level 1.6 Short Blades
 * Level 3.6 Dodging
 + Level 3.0 Stealth
 + Level 2.8 Spellcasting
 + Level 2.6 Conjurations
 + Level 5.5 Air Magic


You had 9 spell levels left.
You knew the following spells:

 Your Spells              Type           Power      Damage    Failure   Level
a - Shock                 Conj/Air       60%        1d6       3%          1

Your spell library contained the following spells:

 Spells                   Type           Power      Damage    Failure   Level
 Static Discharge         Conj/Air       15%        N/A       5%          2
 Magic Dart               Conj           40%        1d5       6%          1
 Swiftness                Air            20%        N/A       6%          3
 Searing Ray              Conj           20%        3d3       10%         2
 Airstrike                Air            10%        N/A       19%         4
 Fulminant Prism          Conj/Hex       3%         3d6       73%         4


Dungeon Overview and Level Annotations

Branches:
Dungeon (4/15)
 Temple: D:4-7

Altars:
Dithmenos
Hepliaklqana
Ru

Shops:
D:1 *


Innate Abilities, Weirdness & Mutations

You have a beak for a mouth.
You have claws for feet.
Your magical nature lets you fly swiftly and evasively.


Message History

You kill the endoplasm!
There is a hazy altar of Hepliaklqana here.
You hear the slow rusting of a very distant drain.
You see here a hobgoblin corpse.
An orc comes into view. It is wielding a +0 hand axe.
The orc shouts!
An orc wizard comes into view. It is wielding a +0 dagger.
The orc hits you with a +0 hand axe.
An orc wizard comes into view. It is wielding a +0 dagger.
The orc wizard shouts!
You hit the orc. You peck the orc.
The orc is severely wounded.
The orc completely misses you.
Casting: Shock (safe; 3% risk of failure)
Confirm with . or Enter, or press ? or * to list all spells.
Aiming: Shock (safe; 3% risk of failure)
Press: ? - help, Shift-Dir - straight line The zap hits the orc.
You kill the orc!
The zap misses the orc wizard.
The zap hits the orc wizard.
The orc wizard is lightly wounded.
The orc wizard casts a spell at you. The puff of flame hits you!
* * * LOW HITPOINT WARNING * * *
You hear a shout!
Casting: Shock (safe; 3% risk of failure)
Confirm with . or Enter, or press ? or * to list all spells.
Aiming: Shock (safe; 3% risk of failure)
Press: ? - help, Shift-Dir - straight line The zap hits the orc wizard.
The orc wizard is heavily wounded.
The zap hits the orc wizard.
The orc wizard is heavily wounded.
You hear the rusting of a drain very nearby.
Okay, then.
As you read the scroll of teleportation, it crumbles to dust.
You feel strangely unstable. The orc wizard casts a spell at you.
The puff of flame hits you!
You die...

# ## #####. ##.##..
#....[.
#.#################.##..
#...oo.@................
#################...##.#
#.(..#.# #..#.#.#
#......# #.......
#....... #.##.#..
#.##.#..


You could see 2 orc wizards.

Vanquished Creatures
  3 jellies (D:3)
  Jessica (D:2)
  3 gnolls (D:3)
  4 adders (D:2)
  A white imp (D:4)
  2 worms
  2 dart slugs
  2 orcs
  19 endoplasms
  4 giant cockroaches
  7 goblins
  5 hobgoblins
  7 jackals
  5 quokkas
  8 ball pythons
  8 bats
  2 frilled lizards
  11 kobolds
  7 rats (D:1)
101 creatures vanquished.

Vanquished Creatures (others)
  9 fungi (D:3)
  7 toadstools (D:3)
16 creatures vanquished.

Grand Total: 117 creatures vanquished

Notes
Turn   | Place    | Note
-------+----------+-------------------------------------------
     0 | D:1      | Arne the Tengu Air Elementalist began the quest for the
                  | Orb.
     0 | D:1      | Reached XP level 1. HP: 10/10 MP: 4/4
   128 | D:1      | Reached XP level 2. HP: 8/15 MP: 6/6
   161 | D:1      | Found Pafy's Assorted Antiques.
   415 | D:1      | Reached XP level 3. HP: 14/20 MP: 3/7
   520 | D:1      | Found a faded altar of an unknown god.
   792 | D:2      | Reached skill level 5 in Air Magic
   852 | D:2      | Reached XP level 4. HP: 19/24 MP: 8/8
   855 | D:2      | Reached skill level 1 in Fighting
   919 | D:2      | Reached skill level 1 in Short Blades
  1233 | D:2      | Noticed Jessica
  1271 | D:2      | Killed Jessica
  1272 | D:2      | Gained mutation: Your magical nature lets you fly swiftly
                  | and evasively. [Tengu growth]
  1272 | D:2      | Reached XP level 5. HP: 15/29 MP: 3/9
  1793 | D:3      | Found a shadowy altar of Dithmenos.
  1957 | D:3      | Found a sacrificial altar of Ru.
  2282 | D:3      | Reached XP level 6. HP: 35/35 MP: 3/11
  2739 | D:4      | Found a hazy altar of Hepliaklqana.
  2820 | D:4      | Killed from afar by an orc wizard

Illustrated notes

Levels and vault maps discovered:
D:1:      dpeg_arrival_ratfight, layout_rooms, serial_shops,
          nicolae_diamond_shop, dilly_ecumenical_altar_fadedgnrine,
          st_stairs_14, amcnicky_mini_rare_corridor_liquid
D:2:      layout_basic, uniq_jessica
D:3:      cheibrodos_fertilizer, layout_basic, lemuel_coloured_pillars_altar,
          nicolae_dithmenos_shadow_blocks, chequers_serial_rivers_micro_d
D:4:      layout_loops_cross, okawaru_ov_weapons_minmay,
          nicolae_hepliaklqana_hippocampus, cheibrodos_sewer_entry_bend

Skill      XL: |  1  2  3  4  5  6 |
---------------+-------------------+-----
Air Magic      | 5 |  5.5
Fighting       | 1 2 |  2.1
Short Blades   | 1 |  1.6
Dodging        | 3 |  3.6
Conjurations   | 2 |  2.6
Stealth        | 3 |  3.0
Spellcasting   | |  2.8

Action                   |  1- 3 |  4- 6 || total
-------------------------+-------+-------++-------
Melee: Dagger            |    27 |       ||    27
       Kick              |    11 |    15 ||    26
       Peck              |     7 |     9 ||    16
       Short sword       |    29 |    60 ||    89
 Cast: Shock             |    41 |    78 ||   119
  Use: Scroll            |       |     3 ||     3
 Stab: Sleeping          |     3 |     2 ||     5
Armor: Robe              |    15 |    10 ||    25
Dodge: Dodged            |    57 |    49 ||   106

Table legend: (Time is in decaauts)
 A = Elapsed time spent in this place.
 B = Non-inter-level travel time spent in this place.
 C = Inter-level travel time spent in this place.
 D = Time resting spent in this place.
 E = Time spent auto-exploring this place.
 F = Levels seen in this place.
 G = Mean time per level.
                   A        B        C        D        E       F      G
               +--------+--------+--------+--------+--------+-----+--------+
         Total |   2693 |   2693 |      0 |    173 |    222 |   4 |  673.2 |
       Dungeon |   2693 |   2693 |      0 |    173 |    222 |   4 |  673.2 |
               +--------+--------+--------+--------+--------+-----+--------+

Top non-repeatable levels by time:
     D:2: 1029 daAuts
     D:3: 790 daAuts
     D:1: 668 daAuts
     D:4: 204 daAuts
